 Dungeon Crawl Stone Soup version 0.28-a0-687-gb91baff9cc (webtiles) character file.

Game seed: 5682411106325757351

116 mordus the Shield-Bearer (level 5, -1/41 HPs)
             Began as a Formicid Fighter on Oct 19, 2021.
             Slain by an orc priest (4 damage)
             ... on level 2 of the Dungeon.
             The game lasted 00:03:20 (2700 turns).

mordus the Shield-Bearer (Formicid Fighter)         Turns: 2700, Time: 00:03:20

Health: -1/41      AC: 10    Str: 21    XL:     5   Next: 21%
Magic:  0/5        EV:  7    Int:  8    God:
Gold:   139        SH:  4    Dex: 10    Spells: 4/4 levels left

rFire   . . .      SeeInvis +   a - +0 flail
rCold   . . .      Faith    .   c - +0 buckler
rNeg    . . .      Spirit   +   k - +0 chain mail
rPois   .          Reflect  .   (helmet unavailable)
rElec   .          Harm     .   h - +0 cloak
rCorr   .          Rampage  .   (no gloves)
Will    .....                   (no boots)
Stlth   ..........              e - amulet of guardian spirit
HPRegen 0.13/turn               (no ring)
MPRegen 0.09/turn               (no ring)

@: attractive
A: permanent stasis, dig shafts and tunnels, antennae 3, four strong arms
a: Dig, Shaft Self


You were on level 2 of the Dungeon.
You visited 1 branch of the dungeon, and saw 3 of its levels.

You collected 139 gold pieces.

Inventory:

Hand Weapons
 a - a +0 flail (weapon)
Armour
 b - a +0 scale mail
 c - a +0 buckler (worn)
 h - a +0 cloak (worn)
 k - a +0 chain mail (worn)
Jewellery
 e - an amulet of guardian spirit (around neck)
Scrolls
 g - a scroll of fog {unknown}
 l - a scroll of magic mapping {unknown}
Potions
 d - a potion of might
 i - 2 potions of brilliance


   Skills:
 - Level 3.2 Fighting
 * Level 3.8 Maces & Flails
 + Level 4.2 Armour
 + Level 4.5 Shields


You had 4 spell levels left.
You didn't know any spells.
Your spell library contained the following spells:

 Spells                   Type           Power      Damage    Failure   Level
 Inner Flame              Hex/Fire       0%         N/A       100%        3
 Cause Fear               Hex            0%         N/A       100%        4
 Discord                  Hex            0%         N/A       100%        8


Dungeon Overview and Level Annotations

Branches:
Dungeon (3/15)

Altars:


Innate Abilities, Weirdness & Mutations

You cannot be hasted, slowed, berserked, paralysed or teleported.
You can dig through walls and to a lower floor.
You have a pair of large antennae on your head. (SInv)
Your four strong arms can wield two-handed weapons with a shield.


Message History

You are too injured to fight recklessly!
You are too injured to fight recklessly!
You hit the orc priest.
The orc priest is lightly wounded.
The orc priest hits you but does no damage.
You block the orc's attack. The hobgoblin closely misses you.
You barely miss the orc priest.
The orc priest is lightly wounded.
The orc priest calls down the wrath of Beogh upon you.
Pain shoots through your body!
* * * LOW HITPOINT WARNING * * *
The orc hits you but does no damage.
The hobgoblin hits you but does no damage.
The orc priest begins to cast a cantrip, but forgets the words!
You hit the orc priest.
The orc priest is moderately wounded.
The orc hits you with a +0 club.
* * * LOW HITPOINT WARNING * * *
The hobgoblin hits you but does no damage.
The orc priest hits you with a +0 hand axe!
* * * LOW HITPOINT WARNING * * *
The orc hits you but does no damage. The hobgoblin barely misses you.
You thump the orc priest!
The orc priest is almost dead.
The orc priest barely misses you. The orc closely misses you.
The hobgoblin hits you but does no damage.
You hit the orc priest but do no damage.
The orc priest is almost dead.
The orc priest hits you but does no damage.
The orc hits you with a +0 club.
* * * LOW HITPOINT WARNING * * *
The hobgoblin closely misses you.
It was a potion of attraction.
You feel attractive to monsters. The orc priest barely misses you.
You block the orc's attack. The hobgoblin closely misses you.
It was a potion of haste.
Your stasis prevents you from being hasted.
The orc priest hits you with a +0 hand axe.
You die...

..)............#.##.##.#.#.#
...............#.##.##.#.#.#
#######........#.##.##.#.#.#
#[########.##.##.#.#.# #..#
#.##.##.#.#.# ##.#
#.##.##.#.#.#
#.#######.##.##.#)#.#
########..#....)....##.#.#.#
.....[.........g@...##.#...#
#########.......oo..##.########
##### ##.............#.)....#
#...# #.####'#'######)####.#
#...# #.## #.#.# #.####.#
#...######..# #.#'## #....#.#
+......#...####....########.#.#
#...####≈≈≈≈≈≈#.............#.#
.......#...####.............#.#


You could see an orc priest, an orc and a hobgoblin.

Vanquished Creatures
  2 adders (D:2)
  3 gnolls
  A worm (D:2)
  2 dart slugs
  2 orcs
  3 endoplasms
  3 giant cockroaches
  6 goblins
  8 hobgoblins
  6 jackals
  3 quokkas (D:1)
  3 ball pythons
  5 bats
  6 kobolds
  5 rats (D:1)
58 creatures vanquished.

Notes
Turn   | Place    | Note
-------+----------+-------------------------------------------
     0 | D:1      | mordus the Formicid Fighter began the quest for the Orb.
     0 | D:1      | Reached XP level 1. HP: 18/18 MP: 1/1
   138 | D:1      | Reached XP level 2. HP: 19/24 MP: 2/2
   555 | D:1      | Reached XP level 3. HP: 23/29 MP: 3/3
   780 | D:1      | Found a faded altar of an unknown god.
  1542 | D:2      | Reached XP level 4. HP: 11/35 MP: 4/4
  2352 | D:2      | Reached XP level 5. HP: 41/41 MP: 5/5
  2698 | D:2      | HP: 2/41 [orc (1)]
  2700 | D:2      | Slain by an orc priest

Illustrated notes

Levels and vault maps discovered:
D:1:      ebering_hopf_link, layout_loops_ring,
          dreamdust_ecumenical_altar_angels_and_demons, minmay_tiny_reverse_x
D:2:      layout_basic, chequers_serial_rivers_micro_b
D:3:      cheibrodos_thug_alley, layout_basic

Skill      XL: |  1  2  3  4 |
---------------+-------------+-----
Shields        | 4 |  4.5
Maces & Flails | 3 |  3.8
Armour         | 4 |  4.2
Fighting       | |  3.2

Action                   |  1- 3 |  4- 6 || total
-------------------------+-------+-------++-------
Melee: Flail             |   143 |    68 ||   211
  Use: Scroll            |     4 |       ||     4
       Potion            |       |     2 ||     2
Armor: Scale mail        |    59 |    12 ||    71
       Chain mail        |       |    42 ||    42
Dodge: Dodged            |    74 |    31 ||   105
Block: Buckler           |    29 |    19 ||    48

Table legend: (Time is in decaauts)
 A = Elapsed time spent in this place.
 B = Non-inter-level travel time spent in this place.
 C = Inter-level travel time spent in this place.
 D = Time resting spent in this place.
 E = Time spent auto-exploring this place.
 F = Levels seen in this place.
 G = Mean time per level.
                   A        B        C        D        E       F      G
               +--------+--------+--------+--------+--------+-----+--------+
         Total |   2757 |   2716 |     41 |    434 |   1771 |   3 |  919.0 |
       Dungeon |   2757 |   2716 |     41 |    434 |   1771 |   3 |  919.0 |
               +--------+--------+--------+--------+--------+-----+--------+

Top non-repeatable levels by time:
     D:1: 1780 daAuts
     D:2: 920 daAuts
     D:3: 56 daAuts
